 Dungeon Crawl Stone Soup version 0.21.1-1-g345015fe64 (webtiles) character file.

22584 Oravi the Nimble (level 13, -10/107 HPs)
             Began as a Merfolk Transmuter on May 14, 2018.
             Was the Champion of Okawaru.
             Mangled by a hornet (11 damage)
             ... on level 13 of the Dungeon.
             The game lasted 00:45:47 (15584 turns).

Oravi the Nimble (Merfolk Transmuter)              Turns: 15584, Time: 00:45:47

Health: -10/107    AC:  4    Str: 17    XL:     13   Next: 1%
Magic:  15/23      EV: 22    Int: 21    God:    Okawaru [******]
Gold:   903        SH:  0    Dex: 15    Spells: 11/25 levels left

rFire    . . .     SeeInvis .     - Unarmed
rCold    . . .     Gourm    .   (shield currently unavailable)
rNeg     . . .     Faith    .   V - +0 robe of the Eagle {Str+6}
rPois    .         Spirit   .   J - +1 helmet
rElec    .         Reflect  .   (no cloak)
rCorr    .         Harm     .   (gloves currently unavailable)
MR       .....                  (no boots)
Stlth    +.........             (no amulet)
HPRegen  0.27/turn              S - +5 ring of intelligence
MPRegen  0.18/turn              s - +3 ring of slaying

@: about to teleport, blade hands
A: change form in water, swift swim, stealthy swim
a: End Transformation, Heroism, Finesse, Renounce Religion


You were on level 13 of the Dungeon.
You worshipped Okawaru.
Okawaru was exalted by your worship.
You were not hungry.
You had blades for hands.
You visited 2 branches of the dungeon, and saw 14 of its levels.
You also visited: Ossuary.

You collected 903 gold pieces.

Inventory:

Missiles
 a - 202 arrows
Armour
 l - a +0 large shield
 J - a +1 helmet (worn)
 K - the +0 pair of fencer's gloves (melded) {+Riposte Dex+3}
   (You found it on level 8 of the Dungeon)

   It affects your dexterity (+3).
 L - a +2 leather armour of poison resistance
 M - a +2 pair of gloves of dexterity
 P - a +1 robe of positive energy
 V - the +0 robe of the Eagle (worn) {Str+6}
   (Okawaru gifted it to you on level 13 of the Dungeon)

   It affects your strength (+6).
Magical Staves
 N - an uncursed staff of energy (melded)
Jewellery
 i - the ring "Uddonk" {*Slow rPois rN++ Dex-2 Stlth+}
   (You acquired it on level 8 of the Dungeon)

   [ring of stealth]

   It affects your dexterity (-2).
   It protects you from poison.
   It greatly protects you from negative energy.
   It may slow you when you take damage.
   It makes you more stealthy.
 q - an uncursed ring of protection from cold
 s - a +3 ring of slaying (right scythe-like blade)
 y - an uncursed ring of see invisible
 C - an uncursed ring of protection from cold
 Q - a +4 ring of dexterity {unknown}
 S - a +5 ring of intelligence (left scythe-like blade)
Wands
 e - a wand of flame (3)
 o - a wand of iceblast (12)
 H - a wand of clouds (4)
 I - a wand of random effects (34)
Scrolls
 k - 3 scrolls of teleportation
 m - 9 scrolls of remove curse
 u - 4 scrolls of magic mapping
 v - 2 scrolls of amnesia
 x - a scroll of fog {unknown}
 E - 4 scrolls of identify
 F - a scroll of fear
 O - a scroll of enchant armour {unknown}
 R - 4 scrolls of blinking {unknown}
 U - 3 scrolls of vulnerability {unknown}
Potions
 f - 4 potions of haste
 g - 4 potions of mutation
 h - 4 potions of heal wounds
 j - 4 potions of agility
 n - 3 potions of might
 p - 12 potions of curing
 t - 2 potions of ambrosia
 w - 2 potions of brilliance
 z - 3 potions of flight
 A - 2 potions of lignification {unknown}
 B - a potion of cancellation {unknown}
 G - a potion of berserk rage {unknown}
Books
 b - a book of Air

   Spells                             Type                      Level
   a - Shock                          Conjuration/Air              1
   b - Swiftness                      Charms/Air                   2
   c - Static Discharge               Conjuration/Air              3
   d - Airstrike                      Air                          4
   e - Lightning Bolt                 Conjuration/Air              5
 c - a book of Changes

   Spells                             Type                      Level
   a - Beastly Appendage              Transmutation                1
   b - Sticks to Snakes               Transmutation                2
   c - Spider Form                    Transmutation/Poison         3
   d - Ice Form                       Ice/Transmutation            4
   e - Blade Hands                    Transmutation                5
 r - a book of Cantrips

   Spells                             Type                      Level
   a - Confusing Touch                Hexes                        1
   b - Animate Skeleton               Necromancy                   1
   c - Summon Small Mammal            Summoning                    1
   d - Apportation                    Translocation                1
 D - a book of Frost

   Spells                             Type                      Level
   a - Freeze                         Ice                          1
   b - Throw Frost                    Conjuration/Ice              2
   c - Ozocubu's Armour               Charms/Ice                   3
   d - Throw Icicle                   Conjuration/Ice              4
   e - Summon Ice Beast               Ice/Summoning                4
 T - the Reference Book on Creative Fire
   (You found it on level 12 of the Dungeon)

   Spells                             Type                      Level
   a - Summon Ice Beast               Ice/Summoning                4
   b - Fireball                       Conjuration/Fire             5
   c - Summon Demon                   Summoning                    5
   d - Bolt of Fire                   Conjuration/Fire             6
Comestibles
 d - 21 rations
 W - 4 chunks of flesh


   Skills:
 + Level 11.8 Fighting
 + Level 13.9 Dodging
 - Level 11.0 Unarmed Combat
 + Level 6.8 Spellcasting
 - Level 12.0 Transmutations


You had 11 spell levels left.
You knew the following spells:

 Your Spells              Type           Power        Failure   Level  Hunger
a - Spider Form           Tmut/Pois      ####......   22%         3    #......
b - Sticks to Snakes      Tmut           ######..     7%          2    None
c - Ice Form              Ice/Tmut       ####....     41%         4    ###....
d - Blade Hands           Tmut           ######....   21%         5    #####..


Dungeon Overview and Level Annotations

Branches:
Dungeon (13/15)            Temple (1/1) D:4            Lair (0/6) D:9
    Orc (0/2) D:12
 Vaults: D:13-14

Altars:
Ashenzari
Dithmenos
Elyvilon
Gozag
Kikubaaqudgha
Makhleb
Okawaru
Qazlal
Sif Muna
Trog
Uskayaw
Vehumet
Wu Jian
Xom
The Shining One

Annotations:
D:2 1 runed door


Message History

The deep elf mage blinks!
The death knight completely misses you. The wolf spider closely misses you.
The wolf spider barely misses you. The hornet barely misses you.
You slice the orc wizard!!
You kill the orc wizard!
Okawaru accepts your kill. The wolf spider hits you!!
The wolf spider misses you. The orc wizard completely misses you.
The deep elf mage casts a spell.
The hornet completely misses you.
You barely miss the orc wizard.
The orc wizard is almost dead.
The wolf spider completely misses you. The wolf spider misses you.
The orc wizard points at you and mumbles some strange words.
The magic dart hits you!
* * * LOW HITPOINT WARNING * * *
The death knight hits you with an enchanted great sword!!
* * * LOW HITPOINT WARNING * * *
The hornet stings you!
You die...

#..........
###......#### #...#
##........# #...###
#.........# #E....
..........## #...#
#........<.#####eE.#
##.........e.......#
##...#........y§s.####.
#..####.......o@pc.....
#..# #.####.####.####.
#### #.# #.# # #.# #.#
#.# #.# #.. ... ### ###


You could see a death knight, a wolf spider, a centaur warrior, 2 deep elf magi,
a hornet, 2 fire elementals and an orc wizard.

Vanquished Creatures
  2 two-headed ogres
  A catoblepas (D:13)
  2 centaur warriors (D:13)
  Erica (D:11)
  A tengu warrior (D:13)
  Sonja (D:10)
  A flayed ghost (D:12)
  2 deep elf magi
  A cyclops (D:11)
  2 ugly things
  A centaur zombie (D:11)
  A kobold demonologist (D:13)
  A tengu conjurer (D:13)
  3 trolls
  2 hippogriffs
  Sigmund (D:2)
  A shadow (D:12)
  5 wraiths
  A human (D:8)
  A wyvern (D:9)
  2 hungry ghosts
  10 fire bats (D:12)
  A golden eye (shapeshifter) (D:13)
  5 yaks
  4 hogs (D:8)
  3 vampire mosquitoes (D:12)
  A water moccasin (D:11)
  A black bear (D:11)
  4 ice beasts
  5 orc warriors
  2 eyes of draining
  7 phantoms
  3 sky beasts
  3 ogres
  2 centaurs
  A crocodile (D:9)
  4 big kobolds
  3 bullfrogs
  2 wyvern zombies (D:13)
  4 scorpions
  19 killer bees
  5 wights
  A howler monkey (D:9)
  11 crimson imps
  A bullfrog zombie (D:12)
  2 quasits
  10 hounds
  3 jellies
  A bullfrog skeleton (D:9)
  8 orc priests
  4 centaur skeletons
  Jessica (D:2)
  8 iguanas
  Ijyb (D:3)
  Terence (D:3)
  16 orc wizards
  8 worker ants
  8 mummies (Ossuary)
  3 hound skeletons
  7 adders
  7 gnolls
  4 shadow imps
  A white imp (D:10)
  An ooze (D:2)
  An adder zombie (D:6)
  2 adder skeletons
  4 worms
  A dart slug (D:2)
  5 leopard geckos
  35 orcs
  2 ball pythons
  6 giant cockroaches
  7 goblins
  4 hobgoblins (D:1)
  5 quokkas
  74 bats
  4 frilled lizards
  2 hobgoblin zombies (Ossuary)
  A jackal skeleton (D:7)
  27 kobolds
  2 kobold zombies (Ossuary)
  2 leopard gecko zombies
  4 orc zombies (Ossuary)
  A quokka skeleton (D:4)
  A quokka zombie (D:7)
  6 rats
425 creatures vanquished.

Vanquished Creatures (collateral kills)
  A hydra (D:13)
  Urug (D:11)
2 creatures vanquished.

Grand Total: 427 creatures vanquished

Notes
Turn   | Place    | Note
-------+----------+-------------------------------------------
     0 | D:1      | Oravi the Merfolk Transmuter began the quest for the Orb.
     0 | D:1      | Reached XP level 1. HP: 15/15 MP: 3/3
    71 | D:1      | Reached XP level 2. HP: 13/21 MP: 3/5
  1063 | D:2      | Reached XP level 3. HP: 21/26 MP: 4/6
  1272 | D:2      | Learned a level 2 spell: Sticks to Snakes
  1276 | D:2      | Learned a level 3 spell: Spider Form
  1529 | D:2      | Noticed Jessica
  1547 | D:2      | Killed Jessica
  1547 | D:2      | Reached skill level 3 in Dodging
  1547 | D:2      | Reached XP level 4. HP: 32/32 MP: 0/7
  2056 | D:2      | Noticed Sigmund
  2070 | D:2      | Killed Sigmund
  2070 | D:2      | Reached skill level 4 in Dodging
  2070 | D:2      | Reached XP level 5. HP: 29/39 MP: 2/9
  2070 | D:2      | Reached XP level 6. HP: 34/46 MP: 2/10
  2234 | D:2      | Found a runed door.
  2348 | D:3      | Noticed Ijyb
  2378 | D:3      | Killed Ijyb
  2668 | D:3      | Noticed Terence
  2676 | D:3      | Killed Terence
  2676 | D:3      | Reached skill level 5 in Transmutations
  3297 | D:4      | Reached skill level 5 in Unarmed Combat
  3297 | D:4      | Reached XP level 7. HP: 52/52 MP: 6/11
  3343 | D:4      | Found a staircase to the Ecumenical Temple.
  3438 | Temple   | Entered the Ecumenical Temple
  3454 | Temple   | Became a worshipper of Warmaster Okawaru
  3640 | D:4      | Found a sand-covered staircase.
  3645 | Ossuary  | Entered an ossuary
  4142 | Ossuary  | Reached skill level 5 in Dodging
  4627 | D:5      | Entered Level 5 of the Dungeon
  4720 | D:5      | Reached * piety under Okawaru
  4720 | D:5      | Reached XP level 8. HP: 55/60 MP: 6/13
  5490 | D:6      | Found a deep blue altar of Sif Muna.
  5555 | D:6      | Reached skill level 6 in Dodging
  5749 | D:6      | Found a burning altar of Makhleb.
  6267 | D:7      | Reached skill level 5 in Fighting
  6604 | D:7      | Reached ** piety under Okawaru
  6612 | D:7      | Reached skill level 7 in Dodging
  6612 | D:7      | Reached XP level 9. HP: 62/68 MP: 11/14
  7154 | D:8      | Found the +0 pair of fencer's gloves {+Riposte Dex+3}
  7202 | D:8      | Noticed a two-headed ogre
  7215 | D:8      | Killed a two-headed ogre
  7215 | D:8      | Reached *** piety under Okawaru
  7215 | D:8      | Reached skill level 8 in Dodging
  7215 | D:8      | Reached skill level 10 in Unarmed Combat
  7897 | D:8      | Reached XP level 10. HP: 62/79 MP: 9/15
  7899 | D:8      | Reached skill level 9 in Dodging
  8047 | D:8      | Learned a level 4 spell: Ice Form
  8053 | D:8      | Learned a level 5 spell: Blade Hands
  8058 | D:8      | Identified a scroll of acquirement
  8059 | D:8      | Got an ancient platinum ring
  8061 | D:8      | Identified the ring "Uddonk" {*Slow rPois rN++ Dex-2 Stlth+} (You acquired it on level 8 of the Dungeon)
  8153 | D:9      | Reached **** piety under Okawaru
  8751 | D:9      | Noticed a two-headed ogre
  8762 | D:9      | Killed a two-headed ogre
  8769 | D:9      | Noticed an unseen horror
  8829 | D:9      | Found a staircase to the Lair.
  9093 | D:10     | Entered Level 10 of the Dungeon
  9380 | D:10     | Reached skill level 10 in Dodging
  9787 | D:10     | Noticed a deep elf mage
  9817 | D:10     | Killed a deep elf mage
  9817 | D:10     | Reached ***** piety under Okawaru
 10316 | D:10     | Reached XP level 11. HP: 68/87 MP: 13/16
 10646 | D:11     | Noticed Urug
 10820 | D:11     | Reached skill level 11 in Dodging
 10892 | D:11     | Noticed Sonja
 10915 | D:10     | Killed Sonja
 10915 | D:10     | Reached skill level 10 in Transmutations
 11189 | D:11     | Noticed a purple ugly thing
 11200 | D:11     | Killed a purple ugly thing
 11382 | D:11     | Noticed Erica
 11386 | D:11     | Noticed a cyclops
 11597 | D:11     | Killed Erica
 11597 | D:11     | Received a gift from Okawaru
 11771 | D:11     | Killed a cyclops
 11858 | D:11     | Killed Urug
 11934 | D:11     | Reached skill level 10 in Fighting
 12178 | D:12     | Found a staircase to the Orcish Mines.
 12188 | D:11     | Reached skill level 12 in Dodging
 12631 | D:12     | Reached XP level 12. HP: 72/97 MP: 12/18
 13426 | D:12     | Found a runed door.
 13444 | D:12     | Found a bloodstained altar of Trog.
 13469 | D:12     | Found a shadowy altar of Dithmenos.
 13491 | D:12     | Reached skill level 5 in Spellcasting
 13501 | D:12     | Found a shimmering altar of Xom.
 13536 | D:12     | Found a radiant altar of Vehumet.
 13596 | D:12     | Found a glowing golden altar of the Shining One.
 13637 | D:12     | Reached ****** piety under Okawaru
 13689 | D:12     | Found a glowing golden altar of the Shining One.
 13908 | D:12     | Received a gift from Okawaru
 13908 | D:12     | Reached skill level 13 in Dodging
 13914 | D:12     | Identified the Reference Book on Creative Fire
 13975 | D:13     | Noticed a centaur warrior
 14149 | D:13     | Killed a centaur warrior
 14387 | D:13     | Noticed a five-headed hydra
 14395 | D:13     | Killed a five-headed hydra
 14468 | D:13     | Noticed a tengu warrior
 14479 | D:13     | Killed a tengu warrior
 14808 | D:13     | Noticed a centaur warrior
 14817 | D:13     | Killed a centaur warrior
 14957 | D:13     | Received a gift from Okawaru
 14962 | D:13     | Got a wizard robe {god gift}
 14969 | D:13     | Identified the +0 robe of the Eagle {Str+6} (Okawaru gifted it to you on level 13 of the Dungeon)
 15523 | D:13     | Noticed a catoblepas
 15534 | D:13     | Killed a catoblepas
 15534 | D:13     | Reached XP level 13. HP: 91/107 MP: 17/23
 15584 | D:13     | HP: 1/107 [death knight/enchanted great sword (28)]
 15584 | D:13     | Mangled by a hornet

Skill      XL: |  1  2  3  4  5  6  7  8  9 10 11 12 |
---------------+-------------------------------------+-----
Transmutations | 3 4 5 8 11 12 | 12.0
Unarmed Combat | 4 5 6 8 10 11 | 11.0
Dodging        | 3 4 5 7 8 10 12 13 | 13.9
Fighting       | 2 3 5 7 8 10 11 | 11.8
Spellcasting   | 3 4 6 |  6.8

Action                   |  1- 3 |  4- 6 |  7- 9 | 10-12 | 13-15 || total
-------------------------+-------+-------+-------+-------+-------++-------
Melee: Unarmed           |    73 |   116 |   317 |   692 |    11 ||  1209
       Headbutt          |     8 |       |       |       |       ||     8
       Punch             |       |     1 |     1 |    11 |       ||    13
       Staff             |       |       |       |     7 |       ||     7
 Cast: Beastly Appendage |    13 |       |       |       |       ||    13
       Spider Form       |     3 |    21 |    50 |    53 |       ||   127
       Sticks to Snakes  |       |       |       |    14 |       ||    14
       Blade Hands       |       |       |       |    25 |     2 ||    27
Invok: Heroism           |       |       |       |     5 |       ||     5
 Abil: End Transformatio |       |       |       |     3 |       ||     3
  Use: Scroll            |       |     6 |     6 |     9 |     1 ||    22
       Potion            |       |     1 |       |     1 |       ||     2
 Stab: Sleeping          |     1 |     1 |     3 |     1 |       ||     6
  Eat: Ration            |     1 |       |     1 |     1 |       ||     3
       Chunk             |       |     8 |    18 |    29 |       ||    55
Armor: Robe              |    12 |     7 |     6 |     2 |     2 ||    29
       Skin              |       |     5 |     9 |     7 |       ||    21
       Leather armour    |       |       |       |    58 |       ||    58
Dodge: Dodged            |    53 |    91 |   268 |   804 |    19 ||  1235
       Rpst.: Unarmed    |       |       |       |     4 |       ||     4
       Staff             |       |       |       |     5 |       ||     5
